 Dungeon Crawl Stone Soup version 0.18.1-48-g4cf74bf (webtiles) character file.

1442 poirepourri the Magician (level 8, -13/41 HPs)
             Began as a Gargoyle Earth Elementalist on July 7, 2016.
             Mangled by an orc warrior
             ... wielding a +0 dire flail
              (14 damage)
             ... on level 6 of the Dungeon.
             The game lasted 00:21:06 (7042 turns).

poirepourri the Magician (GrEE)                     Turns: 7042, Time: 00:21:06

Health: -13/41     AC: 12    Str: 13    XL:     8   Next: 74%
Magic:  0/19       EV: 12    Int: 17    God:
Gold:   218        SH:  0    Dex: 10    Spells: 4 memorised, 11 levels left

rFire  x . .     SeeInvis +     a - 105 stones
rCold  + . .     Gourm    .     g - +1 robe
rNeg   + + .     Faith    .     (no shield)
rPois  ∞         Spirit   .     (no helmet)
rElec  +         Dismiss  .     t - +0 cloak
rCorr  .         Reflect  .     (no gloves)
SustAt .         Harm     .     o - +2 pair of boots "Synom" {MR+ SInv}
MR     +....                    (no amulet)
Stlth  ++........               x - ring of ice
                                m - ring of positive energy

@: somewhat resistant to hostile enchantments, unstealthy
A: negative energy resistance 1, electricity resistance, unbreathing,
petrification resistance, rot immunity, AC +5
a: no special abilities


You were on level 6 of the Dungeon.
You were not hungry.

You visited 2 branches of the dungeon, and saw 7 of its levels.

You collected 218 gold pieces.

Inventory:

Hand Weapons
 b - a +1 mace of protection
Missiles
 a - 105 stones (in hand)
Armour
 g - a +1 robe (worn)
 o - the +2 pair of boots "Synom" (worn) {MR+ SInv}
   (You found it on level 4 of the Dungeon)

   It affects your resistance to hostile enchantments.
   It lets you see invisible.
 t - a +0 cloak (worn)
Jewellery
 m - a ring of positive energy (left hand)
 q - an uncursed ring of stealth
 x - a ring of ice (right hand)
 y - an uncursed amulet of the gourmand {unknown}
Scrolls
 d - a scroll of fear {unknown}
 e - a scroll of identify
 n - a scroll of remove curse
Potions
 f - a potion of brilliance
 h - 2 potions of cancellation
 i - a potion of ambrosia {unknown}
 l - 2 potions of flight {unknown}
 s - 2 potions of berserk rage {unknown}
 u - a potion of haste {unknown}
 w - a potion of degeneration {unknown}
 z - 3 potions of might {unknown}
Books
 c - a book of Geomancy

   Spells                             Type                      Level
   a - Sandblast                      Earth                        1
   b - Passwall                       Transmutation/Earth          2
   c - Stone Arrow                    Conjuration/Earth            3
   d - Petrify                        Transmutation/Earth          4
   e - Lee's Rapid Deconstruction     Earth                        5
 j - a book of the Sky

   Spells                             Type                      Level
   a - Summon Lightning Spire         Summoning/Air                4
   b - Airstrike                      Air                          4
   c - Silence                        Hexes/Air                    5
   d - Deflect Missiles               Charms/Air                   6
   e - Conjure Ball Lightning         Conjuration/Air              6
   f - Tornado                        Air                          9
 p - a Necronomicon

   Spells                             Type                      Level
   a - Haunt                          Necromancy/Summoning         7
   b - Borgnjor's Revivification      Necromancy                   8
   c - Death's Door                   Charms/Necromancy            8
   d - Necromutation                  Transmutation/Necromancy     8
 r - the Almanac of Cold
   (You found it on level 5 of the Dungeon)

   Spells                             Type                      Level
   a - Ozocubu's Armour               Charms/Ice                   3
   b - Summon Ice Beast               Ice/Summoning                4
   c - Metabolic Englaciation         Hexes/Ice                    5
   d - Simulacrum                     Ice/Necromancy               6
Comestibles
 k - a beef jerky


   Skills:
 + Level 0.2 Fighting
 + Level 0.2 Maces & Flails
 + Level 2.0 Dodging
 - Level 2.1 Stealth
 * Level 7.9 Spellcasting
 + Level 2.1 Conjurations
 - Level 0.7 Transmutations
 + Level 7.7 Earth Magic


You had 11 spell levels left.
You knew the following spells:

 Your Spells              Type           Power        Failure   Level  Hunger
a - Sandblast             Erth           ####..       1%          1    None
b - Passwall              Trmt/Erth      ###.......   2%          2    None
c - Stone Arrow           Conj/Erth      ###...       6%          3    #......
d - Lee's Rapid Deconstr  Erth           ####......   14%         5    #####..


Dungeon Overview and Level Annotations

Branches:
Dungeon (6/15)             Temple (1/1) D:4

Altars:
Ashenzari
Cheibriados
Dithmenos
Elyvilon
Gozag
Kikubaaqudgha
Makhleb
Nemelex Xobeh
Okawaru
Pakellas
Qazlal
Ru
Sif Muna
Trog
Xom
Yredelemnul
Zin
The Shining One

Shops:
D:6 (


Innate Abilities, Weirdness & Mutations

You are resistant to torment.
Your stone body is resilient (AC +5).
You are immune to poison.
You resist negative energy.
You are resistant to electric shocks.
You can survive without breathing.
You are immune to petrification.
You are immune to rotting.


Message History

Casting: Sandblast
Confirm with . or Enter, or press ? or * to list all spells.
Aiming: Sandblast
Press: ? - help, Shift-Dir - straight line, f/p - orc warrior
Aim: an orc warrior, wielding a dire flail and wearing a plate armour (almost dead)
The rocky blast hits the orc warrior.
The orc warrior is almost dead.
The orc warrior hits you with a dire flail.
* * * LOW HITPOINT WARNING * * *
The orc warrior hits you with a dire flail!
* * * LOW HITPOINT WARNING * * *
Casting: Sandblast
Confirm with . or Enter, or press ? or * to list all spells.
Aiming: Sandblast
Press: ? - help, Shift-Dir - straight line, f/p - orc warrior
Aim: an orc warrior, wielding a dire flail and wearing a plate armour (almost dead)
The rocky blast hits the orc warrior.
The orc warrior is almost dead.
The orc warrior hits you with a dire flail!
You die...

........# ...÷....#
###.##### ###.# ....#
###### .....#
.#.#.################
...#............@...#
.################o###
...# #g# .#..... #g#
.###### #.# .# #.# .#
#.# .# #.# .# #.#


You could see an orc warrior and 2 gnolls.

Vanquished Creatures
  The ghost of juanjsm the Archer, an amateur CeHu (D:5)
  An ogre (D:3)
  A phantom (D:4)
  A centaur (D:6)
  2 scorpions (D:6)
  2 howler monkeys (D:4)
  3 crimson imps
  A giant frog zombie (D:5)
  5 orc priests
  2 hounds (D:4)
  An orc wizard (D:6)
  A centaur skeleton (D:4)
  Jessica (D:2)
  Natasha (thrice) (D:3)
  A worker ant (D:6)
  Robin (D:3)
  10 adders
  4 gnolls
  An adder skeleton (D:6)
  3 worms
  4 dart slugs
  5 giant geckos
  18 orcs
  2 giant cockroaches
  21 goblins
  7 hobgoblins
  6 jackals
  4 quokkas
  A ball python (D:5)
  6 bats
  A giant gecko skeleton (D:6)
  4 giant newts
  11 kobolds
  A quokka skeleton (D:6)
  9 rats
145 creatures vanquished.

Vanquished Creatures (others)
  4 gnolls (D:4)
4 creatures vanquished.

Grand Total: 149 creatures vanquished

Notes
Turn   | Place    | Note
--------------------------------------------------------------
     0 | D:1      | poirepourri the Gargoyle Earth Elementalist began the quest for the Orb.
     0 | D:1      | Reached XP level 1. HP: 10/10 MP: 3/3
   541 | D:1      | Reached XP level 2. HP: 15/15 MP: 0/5
   985 | D:1      | Learned a level 2 spell: Passwall
  1336 | D:1      | Reached XP level 3. HP: 19/19 MP: 2/7
  1397 | D:2      | Found a bloodstained altar of Trog.
  1573 | D:2      | Found an iron altar of Okawaru.
  1574 | D:2      | Found a sparkling altar of Nemelex Xobeh.
  1576 | D:2      | Found a stormy altar of Qazlal.
  1577 | D:2      | Found an oddly glowing altar of Pakellas.
  1654 | D:2      | Noticed Jessica
  1657 | D:2      | Killed Jessica
  1657 | D:2      | Reached XP level 4. HP: 24/24 MP: 7/9
  1666 | D:2      | Found a sacrificial altar of Ru.
  2215 | D:2      | Reached XP level 5. HP: 28/28 MP: 7/10
  2575 | D:3      | Noticed Natasha
  2592 | D:3      | Reached skill level 5 in Earth Magic
  2593 | D:3      | Killed Natasha
  2818 | D:3      | Noticed Natasha
  2828 | D:3      | Killed Natasha
  3091 | D:3      | Learned a level 3 spell: Stone Arrow
  3105 | D:3      | Learned a level 5 spell: Lee's Rapid Deconstruction
  3126 | D:3      | Noticed Natasha
  3153 | D:3      | Killed Natasha
  3153 | D:3      | Reached XP level 6. HP: 16/32 MP: 0/13
  3679 | D:3      | Noticed Robin
  3683 | D:3      | Killed Robin
  3926 | D:4      | Got a pair of steaming boots
  3932 | D:4      | Identified the +2 pair of boots "Synom" {MR+ SInv} (You found it on level 4 of the Dungeon)
  4014 | D:3      | Reached skill level 5 in Spellcasting
  4108 | D:4      | Noticed a phantom
  4117 | D:4      | Killed a phantom
  4117 | D:4      | Reached XP level 7. HP: 30/36 MP: 2/15
  5057 | D:4      | Found a staircase to the Ecumenical Temple.
  5066 | Temple   | Entered the Ecumenical Temple
  5338 | D:5      | Entered Level 5 of the Dungeon
  5342 | D:5      | Reached skill level 1 in Conjurations
  5519 | D:5      | Identified the Almanac of Cold
  5751 | D:5      | Noticed juanjsm's ghost (amateur CeHu)
  5773 | D:5      | Killed juanjsm's ghost
  5773 | D:5      | Reached XP level 8. HP: 41/41 MP: 7/18
  7008 | D:6      | Found Vomasey's Weapon Boutique.
  7020 | D:6      | HP: 2/41 [orc warrior/dire flail (15)]
  7041 | D:6      | HP: 1/41 [orc warrior/dire flail (7)]
  7042 | D:6      | Mangled by an orc warrior

Skill      XL: |  1  2  3  4  5  6  7  8 |
---------------+-------------------------+-----
Earth Magic    | 4 5 7 |  7.7
Spellcasting   | 3 4 5 7 |  7.9
Conjurations   | 1 2 |  2.1
Dodging        | 2 |  2.0
Fighting       | |  0.2
Maces & Flails | |  0.2
Stealth        | |  2.1
Transmutations | |  0.7

Action                   |  1- 3 |  4- 6 |  7- 9 || total
-------------------------+-------+-------+-------++-------
Melee: Unarmed           |     2 |       |       ||     2
       Mace              |       |     3 |    39 ||    42
 Cast: Sandblast         |    59 |   135 |    76 ||   270
       Stone Arrow       |       |     2 |    32 ||    34
       Passwall          |       |     2 |       ||     2
       Lee's Rapid Decon |       |       |     5 ||     5
  Use: Scroll            |     1 |     5 |     4 ||    10
       Potion            |       |     2 |     2 ||     4
  Eat: Pizza             |     1 |       |       ||     1
       Bread ration      |     1 |     1 |     3 ||     5
       Beef jerky        |       |     1 |       ||     1
Armor: Robe              |    19 |    51 |    42 ||   112
Dodge: Dodged            |    39 |    92 |    73 ||   204
